 Dungeon Crawl Stone Soup version 0.32-a0-918-g0f22ef8d61 (webtiles) character file.

Game seed: 6480635023807283091

35 ezpacito the Chopper (level 3, -10/29 HPs)
             Began as a Coglin Chaos Knight on Apr 12, 2024.
             Was a Plaything of Xom.
             Killed by nerve-wracking pain
             ... invoked by Jessica
              (13 damage)
             ... on level 2 of the Dungeon.
             The game lasted 00:00:52 (1066 turns).

ezpacito the Chopper (Coglin Chaos Knight)          Turns: 1066, Time: 00:00:52

Health: -10/29     AC:  5    Str: 14    XL:     3   Next: 33%
Magic:  3/3        EV: 10    Int: 11    God:    Xom [..*...]
Gold:   27         SH:  0    Dex: 13    Spells: 2/2 levels left

rFire   . . .        a - +0 hand axe (chaos) {Malki}
rCold   . . .        l - +2 short sword (speed) {Minjun}
rNeg    . . .        b - +2 leather armour
rPois   .            (no helmet)
rElec   .            (no cloak)
rCorr   .            (no gloves)
SInv    .            (no boots)
Will    .....        (amulet unavailable)
Stlth   +            (ring unavailable)
HPRegen 0.24/turn    (ring unavailable)
MPRegen 0.08/turn    (no gizmo)

%: no passive effects
@: revving
A: off-hand wielding, slow wielding, warmup strikes, no jewellery
a: Invent Gizmo, Renounce Religion


You were on level 2 of the Dungeon.
You worshipped Xom.
You were a toy of Xom.
You visited 1 branch of the dungeon, and saw 2 of its levels.

You collected 27 gold pieces.

Inventory:

Hand Weapons
 a - a +0 hand axe of chaos (weapon) {Malki}
 l - a +2 short sword of speed (offhand) {Minjun}
Missiles
 k - 5 poisoned darts (quivered)
Armour
 b - a +2 leather armour (worn)
Scrolls
 c - a scroll of butterflies
 e - a scroll of identify {unknown}
 g - a scroll of immolation {unknown}
 h - a scroll of poison {unknown}
 i - a scroll of enchant armour {unknown}
 j - a scroll of vulnerability {unknown}
Potions
 f - a potion of might {unknown}


   Skills:
 * Level 3.2 Fighting
 * Level 3.2(3.3) Axes
 * Level 0.4(1.9) Polearms
 * Level 2.1 Armour
 * Level 1.3 Dodging
 + Level 0.4 Stealth
 + Level 0.3 Spellcasting


You had 2 spell levels left.
You didn't know any spells.
Your spell library was empty.

Dungeon Overview and Level Annotations

Branches:
Dungeon (2/15)

Altars:

Annotations:
D:2 Jessica


Innate Abilities, Weirdness & Mutations

You can wield a second weapon in your off-hand.
It takes a long time for you to wield or remove held weapons.
Your first few attacks do less damage.
You cannot equip rings or amulets.


Message History

You drop a +0 dagger {Belessunu}.
Done exploring.
What level of the Dungeon? (default 1, ? - help)
There is a stone staircase leading down here.
You climb downwards.
Jessica shouts!
You hear an angry hiss.
There is a stone staircase leading up here.
Jessica is nearby!
Search for what [Enter for ":1", or ? for help]?
Okay, then.
Jessica mumbles some strange words.
Jessica seems to speed up.
Jessica hits you with a +5 club. Jessica hits you with a +5 club!
You are too injured to fight recklessly!
You are too injured to fight recklessly!
You take 11 damage, and have 18/29 hp.
MASSIVE DAMAGE!!
You are too injured to fight recklessly!
You are too injured to fight recklessly!
You are too injured to fight recklessly!
You are too injured to fight recklessly!
You are too injured to fight recklessly!
You are too injured to fight recklessly!
You are too injured to fight recklessly!
Jessica is nearby!
You hit Jessica but do no damage. x2
An adder comes into view.
Jessica hits you with a +5 club.
You take 6 damage, and have 12/29 hp.
MASSIVE DAMAGE!!
You barely miss Jessica with your +2 short sword of speed.
You hit Jessica but do no damage. Jessica hits you with a +5 club.
You emit a cloud of colourful smoke!
You take 3 damage, and have 9/29 hp.
You hit Jessica but do no damage.
You hit Jessica with your +0 hand axe of chaos.
Jessica convulses.
Jessica hits you with a +5 club.
* * * LOW HITPOINT WARNING * * *
Jessica points at you and mumbles some strange words.
Pain shoots through your body!
You die...
Xom howls with laughter! ###.##########.## .......§§§@@S§§.# ###.##########.##

You could see an adder and Jessica (fast).

Vanquished Creatures
  A dart slug (D:1)
  3 endoplasms (D:1)
  6 giant cockroaches (D:1)
  A goblin (D:1)
  3 hobgoblins (D:1)
  4 jackals (D:1)
  3 quokkas (D:1)
  3 bats (D:1)
  2 rats (D:1)
26 creatures vanquished.

Notes
Turn   | Place    | Note
-------+----------+-------------------------------------------
     0 | D:1      | ezpacito the Coglin Chaos Knight began the quest for the
                  | Orb.
     0 | D:1      | Reached XP level 1. HP: 18/18 MP: 1/1
    48 | D:1      | Reached skill level 1 in Dodging
    70 | D:1      | Reached XP level 2. HP: 24/24 MP: 2/2
   186 | D:1      | XOM: silly message
   386 | D:1      | Reached XP level 3. HP: 28/29 MP: 3/3
  1060 | D:2      | Noticed Jessica
  1065 | D:2      | XOM: smoke on damage
  1066 | D:2      | Killed from afar by Jessica

Illustrated notes

Levels and vault maps discovered:
D:1:      spicycebolla_green_bress_n_ham_2, layout_loops_corners,
          hangedman_abyss_or_decor_lesser_grid, minmay_worlds_worst_comb
D:2:      layout_loops_ring, basic_altar, chequers_ecumenical_altar_simple,
          hangedman_decor_points, uniq_sigmund, uniq_natasha, uniq_jessica

Skill      XL: |  1  2 |
---------------+-------+-----
Dodging        | 1 |  1.3
Armour         | 2 |  2.1
Fighting       | |  3.2
Axes           | |  3.2
Polearms       | |  0.4
Stealth        | |  0.4
Spellcasting   | |  0.3

Action                     || total
---------------------------++-------
  Melee: Hand axe          ||    60
         Dagger            ||    53
         Short sword       ||     3
   Stab: Confused          ||     1
         Sleeping          ||     1
 Armour: Leather armour    ||    39
  Dodge: Dodged            ||    30

Table legend: (Time is in decaauts)
 A = Elapsed time spent in this place.
 B = Non-inter-level travel time spent in this place.
 C = Inter-level travel time spent in this place.
 D = Time resting spent in this place.
 E = Time spent auto-exploring this place.
 F = Levels seen in this place.
 G = Mean time per level.
                   A        B        C        D        E       F      G
               +--------+--------+--------+--------+--------+-----+--------+
         Total |   1071 |    915 |    156 |      0 |    764 |   2 |  535.5 |
       Dungeon |   1071 |    915 |    156 |      0 |    764 |   2 |  535.5 |
               +--------+--------+--------+--------+--------+-----+--------+

Top non-repeatable levels by time:
     D:1: 1065 daAuts
     D:2: 5 daAuts
